 Dungeon Crawl Stone Soup version 0.18-a0-1745-gffa9a88 (webtiles) character file.

154 dohliylev the Sneak (level 5, -21/35 HPs)
             Began as a Vampire Enchanter on Apr 11, 2016.
             Demolished by an orc warrior
             ... wielding a cursed -3 dire flail
              (23 damage)
             ... on level 3 of the Dungeon.
             The game lasted 00:16:16 (2529 turns).

dohliylev the Sneak (Vampire Enchanter)             Turns: 2529, Time: 00:16:17

Health: -21/35     AC:  3    Str:  7    XL:     5   Next: 13%
Magic:  1/8        EV: 13    Int: 17    God:
Gold:   155        SH:  0    Dex: 16    Spells: 2 memorised, 6 levels left

rFire  . . .     SeeInvis +     a - +1 dagger
rCold  + . .     Gourm    .     b - +1 robe
rNeg   + + .     Faith    .     (no shield)
rPois  +         Spirit   .     (no helmet)
rElec  .         Dismiss  .     (no cloak)
rCorr  .         Reflect  .     (no gloves)
SustAt .         Harm     .     (no boots)
MR     .....                    (no amulet)
Stlth  ++++......               i - ring of fire
                                e - ring of ice

@: regenerating slowly, not resistant to hostile enchantments, stealthy
A: fangs 3, see invisible, unbreathing
a: Bat Form


You were on level 3 of the Dungeon.
You were very thirsty.

You visited 1 branch of the dungeon, and saw 3 of its levels.

You collected 155 gold pieces.

Inventory:

Hand Weapons
 a - a +1 dagger (weapon)
Missiles
 f - 5 tomahawks (quivered)
Armour
 b - a +1 robe (worn)
Jewellery
 e - a ring of ice (left hand)
 i - a ring of fire (right hand)
Scrolls
 d - 2 scrolls of teleportation {unknown}
 g - a scroll of random uselessness {unknown}
 j - 2 scrolls of identify {unknown}
 m - a scroll of recharging {unknown}
 p - a scroll of fog {unknown}
 q - a scroll of fear {unknown}
 r - a scroll of enchant armour {unknown}
 t - a scroll of remove curse {unknown}
Potions
 h - 12 potions of blood
 k - a potion of heal wounds {unknown}
 l - a potion of flight {unknown}
 n - 2 potions of curing {unknown}
 o - a potion of invisibility {unknown}
 s - a potion of magic {unknown}
 u - a potion of brilliance {unknown}
Books
 c - a book of Maledictions

   Spells                             Type                      Level
   a - Corona                         Hexes                        1
   b - Ensorcelled Hibernation        Hexes/Ice                    2
   c - Confuse                        Hexes                        3
   d - Tukima's Dance                 Hexes                        3
   e - Dazzling Spray                 Conjuration/Hexes            3


   Skills:
 + Level 0.1 Fighting
 + Level 1.3 Short Blades
 + Level 2.5 Dodging
 * Level 7.5 Stealth
 + Level 2.6 Spellcasting
 + Level 4.9 Hexes
 + Level 0.8 Ice Magic


You had 6 spell levels left.
You knew the following spells:

 Your Spells              Type           Power        Failure   Level  Hunger
a - Corona                Hex            ###....      2%          1    #......
b - Ensorcelled Hibernat  Hex/Ice        ##....       10%         2    ##.....


Dungeon Overview and Level Annotations

Branches:
Dungeon (3/15)

Altars:


Innate Abilities, Weirdness & Mutations

You heal slowly.
You have razor-sharp teeth.
You have supernaturally acute eyesight.
You can survive without breathing.


Message History

Found a scroll labeled SUMEDE KAUSEENT.
Found 8 gold pieces.
An orc warrior is nearby!
Casting: Ensorcelled Hibernation
Confirm with . or Enter, or press ? or * to list all spells.
Aiming: Ensorcelled Hibernation
Press: ? - help, Shift-Dir - straight line, f - orc warrior
Aim: an orc warrior, wielding an enchanted dire flail and wearing a chain mail (chance to defeat MR: 43%)
The orc warrior resists with some effort.
Something unseen opens the large door.
You see here a scroll labeled SUMEDE KAUSEENT.
j - 2 scrolls labeled SUMEDE KAUSEENT (gained 1)
The orc warrior hits you with an enchanted dire flail!!
Ouch! That really hurt!
* * * LOW HITPOINT WARNING * * *
The orc wizard shouts!
You open the door.
The orc warrior hits you with an enchanted dire flail!!
Ouch! That really hurt!
You die...

######## #
########......#.#
#...........o@'.#
#.######......###
#.# #......# #.#
..o......#
####.###........$#
....o.##...#######
......''...#
....).##...#
............$


You could see an orc warrior and an orc wizard.

Vanquished Creatures
  Ijyb (D:2)
  3 adders (D:2)
  A gnoll (D:3)
  5 worms
  4 dart slugs
  A giant gecko (D:1)
  6 orcs
  3 giant cockroaches
  9 goblins
  4 hobgoblins
  3 jackals (D:1)
  7 kobolds
  A quokka (D:3)
  3 ball pythons
  6 bats
  4 giant newts
  3 rats
64 creatures vanquished.

Notes
Turn   | Place    | Note
--------------------------------------------------------------
     0 | D:1      | dohliylev the Vampire Enchanter began the quest for the Orb.
     0 | D:1      | Reached XP level 1. HP: 13/13 MP: 3/3
   203 | D:1      | Reached XP level 2. HP: 19/19 MP: 5/5
   207 | D:1      | Learned a level 2 spell: Ensorcelled Hibernation
   397 | D:1      | Reached skill level 5 in Stealth
   979 | D:2      | Reached XP level 3. HP: 23/24 MP: 1/6
  1043 | D:2      | Noticed Ijyb
  1059 | D:2      | Killed Ijyb
  1059 | D:2      | Reached skill level 6 in Stealth
  1062 | D:2      | Reached XP level 4. HP: 21/30 MP: 0/7
  1770 | D:2      | Reached skill level 7 in Stealth
  2157 | D:3      | Noticed an orc warrior
  2461 | D:3      | Reached XP level 5. HP: 35/35 MP: 1/8
  2529 | D:3      | Demolished by an orc warrior

Vault maps used:
D:1:      minmay_arrival_four_houses, minivault_5
D:2:      minmay_misc_feat_tower, serial_park_tiny_2, uniq_iyjb

Skill      XL: |  1  2  3  4 |
---------------+-------------+-----
Stealth        | 5 6 7 |  7.5
Fighting       | |  0.1
Short Blades   | |  1.3
Dodging        | |  2.5
Spellcasting   | |  2.6
Hexes          | |  4.9
Ice Magic      | |  0.8

Action                   |  1- 3 |  4- 6 || total
-------------------------+-------+-------++-------
Melee: Dagger            |    68 |    86 ||   154
Throw: Tomahawk          |     1 |       ||     1
 Cast: Corona            |     4 |     1 ||     5
       Ensorcelled Hiber |    15 |    32 ||    47
  Use: Potion            |     3 |       ||     3
 Stab: Sleeping          |    18 |    28 ||    46
  Eat: Corpse            |     2 |       ||     2
